[ AOE2 MATCH · #481401347 ]
UnrankedPortuguese vs Ethiopians
[ REPLAY ANALYSIS · EXTRACTED FROM THE RECORDED GAME ]
Feudal
13:19
Castle
17:33
Imperial
23:21
| APM avg | 16.5 |
| APM peak | 43 |
| eAPM avg | 8.2 |
| Villagers / military | 37 / 33 |
Focus
⚔️ 22.5% · 🌾 77.5%
Hand Cannoneer ×21 · Knight ×9 · Bombard Cannon ×3
Feudal
10:52
Castle
20:23
Imperial
33:44
| APM avg | 20.0 |
| APM peak | 70 |
| eAPM avg | 12.9 |
| Villagers / military | 101 / 68 |
Focus
⚔️ 25.5% · 🌾 74.5%
Skirmisher ×46 · Genoese Crossbowman ×10 · Trade Cart ×6 · Spearman ×3 · Trebuchet (Packed) ×3 · Monk ×2
Feudal
12:14
Castle
18:11
Imperial
31:35
| APM avg | 13.4 |
| APM peak | 34 |
| eAPM avg | 11.0 |
| Villagers / military | 84 / 68 |
Focus
⚔️ 26.6% · 🌾 73.4%
Spearman ×34 · Archer ×20 · Shotel Warrior ×6 · Trade Cart ×4 · Trebuchet (Packed) ×4 · Monk ×3
Feudal
11:20
Castle
20:50
Imperial
30:53
| APM avg | 12.2 |
| APM peak | 42 |
| eAPM avg | 9.8 |
| Villagers / military | 76 / 88 |
Focus
⚔️ 24.4% · 🌾 75.6%
Woad Raider ×54 · Trade Cart ×27 · Spearman ×18 · Battering Ram ×14 · Mangonel ×1 · Trebuchet (Packed) ×1
Feudal
12:47
Castle
18:33
Imperial
31:06
| APM avg | 17.3 |
| APM peak | 63 |
| eAPM avg | 12.8 |
| Villagers / military | 100 / 18 |
Focus
⚔️ 12.7% · 🌾 87.3%
Trade Cart ×10 · Knight ×9 · Trebuchet (Packed) ×5 · Throwing Axeman ×4
Feudal
—
Castle
—
Imperial
—
| APM avg | 2.1 |
| APM peak | 23 |
| eAPM avg | 0.8 |
| Villagers / military | 12 / 0 |
Focus
⚔️ 0.0% · 🌾 100.0%
Feudal
10:56
Castle
16:26
Imperial
—
| APM avg | 11.7 |
| APM peak | 28 |
| eAPM avg | 8.3 |
| Villagers / military | 65 / 38 |
Focus
⚔️ 23.8% · 🌾 76.2%
Knight ×27 · War Elephant ×7 · Scorpion ×4
Feudal
—
Castle
—
Imperial
—
| APM avg | 7.8 |
| APM peak | 14 |
| eAPM avg | 5.9 |
| Villagers / military | 36 / 10 |
Focus
⚔️ 18.0% · 🌾 82.0%
Spearman ×5 · Longbowman ×5
Match map
Initial resources + every placement click. Lines = walls · curves = elevation contours. ◆ gold · ⬟ stone · ● berries · ✦ relic · ◌ wall gap
Your base· Open — unwalled flank
truffle shuffle's base· Open — unwalled flank
andrealvt's base· Open — unwalled flank
Hamza Khan's base· ✓ Closed at 20:50 · 10t walls · 1 gate(s)
stefano.franchin12's base· ✓ Closed at 18:33 · 7t walls · 1 gate(s)
Underdawg's base· Open — unwalled flank
Skywalker's base· Open — unwalled flank
Javi Radical692's base· ✓ Closed at 22:18 · 26t walls · no gate
Smoothed initial terrain · ◌ = detected wall gap · hover for details
Inputs per minute
— Boyka - - truffle shuffle
Build order — Boyka
147 actions detected in the replay
| 0:05 | Create | Villager (Male) |
| 0:05 | Create | Villager (Male) |
| 0:05 | Create | Villager (Male) |
| 0:10 | Build | House |
| 0:15 | Create | Villager (Male) |
| 0:16 | Create | Villager (Male) |
| 0:23 | Build | House |
| 1:50 | Create | Villager (Male) |
| 1:51 | Create | Villager (Male) |
| 2:13 | Create | Villager (Male) |
| 2:13 | Create | Villager (Male) |
| 2:13 | Create | Villager (Male) |
| 2:44 | Create | Villager (Male) |
| 2:44 | Create | Villager (Male) |
| 2:45 | Create | Villager (Male) |
| 2:55 | Create | Villager (Male) |
| 2:55 | Create | Villager (Male) |
| 3:16 | Create | Villager (Male) |
| 3:16 | Create | Villager (Male) |
| 3:50 | Create | Villager (Male) |
| 3:50 | Create | Villager (Male) |
| 3:51 | Create | Villager (Male) |
| 4:27 | Create | Villager (Male) |
| 4:27 | Create | Villager (Male) |
| 4:27 | Create | Villager (Male) |
| 4:40 | Build | House |
| 4:43 | Create | Villager (Male) |
| 4:43 | Create | Villager (Male) |
| 5:29 | Create | Villager (Male) |
| 5:46 | Create | Villager (Male) |
| 5:59 | Build | House |
| 6:15 | Create | Villager (Male) |
| 6:53 | Build | Mill |
| 7:21 | Create | Villager (Male) |
| 7:43 | Create | Villager (Male) |
| 8:12 | Create | Villager (Male) |
| 8:19 | Build | House |
| 8:48 | Build | Lumber Camp |
| 8:55 | Create | Villager (Male) |
| 9:25 | Create | Villager (Male) |
| 10:19 | Create | Villager (Male) |
| 10:33 | Create | Villager (Male) |
| 11:02 | Research | Feudal Age |
| 11:38 | Build | House |
| 11:39 | Build | House |
| 13:17 | Create | Villager (Male) |
| 13:19 | Age | Feudal Age |
| 13:36 | Build | Market |
| 13:49 | Build | Blacksmith |
| 14:01 | Create | Villager (Male) |
| 14:53 | Research | Castle Age |
| 15:27 | Build | Mining Camp |
| 15:42 | Build | House |
| 15:44 | Build | House |
| 15:45 | Build | House |
| 16:58 | Build | Farm |
| 16:59 | Build | Farm |
| 17:33 | Age | Castle Age |
| 17:37 | Build | Monastery |
| 17:53 | Build | University |
| 18:23 | Build | House |
| 18:24 | Build | House |
| 18:26 | Build | House |
| 18:27 | Build | House |
| 19:02 | Build | Farm |
| 19:27 | Build | Farm |
| 19:28 | Build | Farm |
| 20:11 | Research | Imperial Age |
| 20:23 | Build | House |
| 20:24 | Build | House |
| 20:25 | Build | House |
| 20:27 | Build | House |
| 20:55 | Build | Barracks |
| 21:59 | Build | Stable |
| 22:00 | Build | Stable |
| 22:19 | Build | House |
| 22:21 | Build | House |
| 23:21 | Age | Imperial Age |
| 23:26 | Build | Feitoria |
| 23:46 | Research | Chemistry |
| 24:03 | Build | Siege Workshop |
| 24:08 | Research | Loom |
| 24:39 | Research | Husbandry |
| 24:39 | Create | Knight |
| 25:01 | Build | Feitoria |
| 25:39 | Build | Archery Range |
| 26:21 | Build | Feitoria |
| 26:36 | Build | Archery Range |
| 26:38 | Create | Hand Cannoneer |
| 26:58 | Build | House |
| 26:59 | Build | House |
| 27:01 | Build | House |
| 27:02 | Build | House |
| 27:41 | Build | Archery Range |
| 27:44 | Create | Hand Cannoneer |
| 27:46 | Create | Hand Cannoneer |
| 28:00 | Build | Feitoria |
| 28:30 | Build | House |
| 28:31 | Build | House |
| 28:32 | Build | House |
| 28:39 | Create | Bombard Cannon |
| 28:42 | Create | Hand Cannoneer |
| 28:42 | Create | Hand Cannoneer |
| 28:59 | Research | Padded Archer Armor |
| 29:00 | Research | Fletching |
| 29:30 | Create | Bombard Cannon |
| 29:54 | Create | Hand Cannoneer |
| 29:54 | Create | Hand Cannoneer |
| 29:54 | Create | Hand Cannoneer |
| 29:55 | Create | Hand Cannoneer |
| 29:55 | Create | Hand Cannoneer |
| 30:29 | Build | Archery Range |
| 30:44 | Create | Hand Cannoneer |
| 30:44 | Create | Hand Cannoneer |
| 30:49 | Create | Bombard Cannon |
| 30:59 | Build | House |
| 31:01 | Build | House |
| 31:02 | Build | House |
| 31:15 | Create | Hand Cannoneer |
| 31:15 | Create | Hand Cannoneer |
| 31:23 | Build | Archery Range |
| 31:30 | Research | Leather Archer Armor |
| 31:31 | Research | Bodkin Arrow |
| 31:42 | Build | Feitoria |
| 32:10 | Create | Hand Cannoneer |
| 32:11 | Create | Hand Cannoneer |
| 32:11 | Research | Elite Skirmisher (upgrade) |
| 32:12 | Create | Hand Cannoneer |
| 32:12 | Create | Hand Cannoneer |
| 32:12 | Create | Hand Cannoneer |
| 32:33 | Research | Heated Shot |
| 32:34 | Research | Murder Holes |
| 32:57 | Create | Hand Cannoneer |
| 32:57 | Create | Hand Cannoneer |
| 33:54 | Build | Castle |
| 35:23 | Research | Scale Barding Armor |
| 35:24 | Research | Forging |
| 35:24 | Research | Ring Archer Armor |
| 36:02 | Research | Cavalier (upgrade) |
| 36:02 | Create | Knight |
| 36:02 | Create | Knight |
| 36:03 | Create | Knight |
| 36:03 | Create | Knight |
| 36:03 | Create | Knight |
| 36:03 | Create | Knight |
| 36:04 | Create | Knight |
| 36:04 | Create | Knight |
Build order — truffle shuffle
First 150 of 303 actions detected
| 0:01 | Create | Villager (Male) |
| 0:02 | Create | Villager (Male) |
| 0:02 | Create | Villager (Male) |
| 0:02 | Create | Villager (Male) |
| 0:04 | Build | House |
| 0:06 | Build | House |
| 1:37 | Create | Villager (Male) |
| 1:59 | Create | Villager (Male) |
| 1:59 | Create | Villager (Male) |
| 2:07 | Research | Loom |
| 2:17 | Build | Lumber Camp |
| 2:23 | Create | Villager (Male) |
| 3:03 | Create | Villager (Male) |
| 3:03 | Create | Villager (Male) |
| 3:27 | Build | House |
| 3:30 | Build | House |
| 3:45 | Build | Palisade Wall |
| 3:49 | Create | Villager (Male) |
| 3:50 | Create | Villager (Male) |
| 3:50 | Create | Villager (Male) |
| 4:39 | Create | Villager (Male) |
| 4:39 | Create | Villager (Male) |
| 5:09 | Create | Villager (Male) |
| 5:10 | Create | Villager (Male) |
| 5:49 | Create | Villager (Male) |
| 6:06 | Build | Mill |
| 6:11 | Create | Villager (Male) |
| 6:34 | Create | Villager (Male) |
| 6:34 | Create | Villager (Male) |
| 7:04 | Create | Villager (Male) |
| 7:38 | Create | Villager (Male) |
| 8:21 | Research | Feudal Age |
| 8:53 | Build | House |
| 8:54 | Build | House |
| 9:25 | Build | Mining Camp |
| 9:37 | Create | Villager (Male) |
| 9:37 | Create | Villager (Male) |
| 9:51 | Build | Barracks |
| 10:08 | Create | Villager (Male) |
| 10:40 | Build | Lumber Camp |
| 10:52 | Age | Feudal Age |
| 11:03 | Research | Double-Bit Axe |
| 11:18 | Build | House |
| 11:19 | Build | House |
| 11:41 | Create | Villager (Male) |
| 11:53 | Research | Horse Collar |
| 12:10 | Create | Villager (Male) |
| 12:19 | Build | Archery Range |
| 12:26 | Create | Villager (Male) |
| 12:40 | Create | Villager (Male) |
| 12:55 | Build | Market |
| 13:00 | Create | Villager (Male) |
| 13:10 | Create | Villager (Male) |
| 13:17 | Build | House |
| 13:19 | Build | House |
| 13:20 | Build | House |
| 13:26 | Build | Farm |
| 13:41 | Build | Mining Camp |
| 13:43 | Create | Villager (Male) |
| 14:11 | Create | Villager (Male) |
| 14:14 | Build | Farm |
| 14:27 | Build | House |
| 14:27 | Build | House |
| 14:39 | Create | Villager (Male) |
| 14:42 | Create | Skirmisher |
| 14:43 | Create | Skirmisher |
| 14:47 | Create | Spearman |
| 14:52 | Create | Villager (Male) |
| 15:15 | Build | Mill |
| 15:18 | Create | Villager (Male) |
| 15:18 | Create | Villager (Male) |
| 15:23 | Build | Farm |
| 15:44 | Create | Trade Cart |
| 16:08 | Build | Farm |
| 16:10 | Create | Villager (Male) |
| 16:38 | Create | Trade Cart |
| 16:44 | Build | Farm |
| 17:20 | Build | Farm |
| 17:43 | Research | Castle Age |
| 17:58 | Research | Gold Mining |
| 18:09 | Build | House |
| 18:11 | Build | House |
| 18:12 | Build | House |
| 18:13 | Build | House |
| 18:15 | Build | House |
| 18:19 | Research | Stone Mining |
| 18:32 | Build | Blacksmith |
| 18:41 | Create | Skirmisher |
| 18:41 | Create | Skirmisher |
| 18:41 | Create | Skirmisher |
| 18:59 | Create | Villager (Male) |
| 19:00 | Create | Villager (Male) |
| 19:20 | Create | Skirmisher |
| 19:21 | Create | Skirmisher |
| 19:28 | Create | Spearman |
| 19:39 | Research | Wheelbarrow |
| 19:41 | Create | Trade Cart |
| 19:56 | Create | Skirmisher |
| 19:56 | Create | Skirmisher |
| 20:23 | Age | Castle Age |
| 20:24 | Create | Spearman |
| 20:43 | Build | House |
| 20:44 | Build | House |
| 20:45 | Build | House |
| 21:12 | Build | Town Center |
| 21:24 | Research | Caravan |
| 21:37 | Build | Gate |
| 21:40 | Create | Villager (Male) |
| 21:40 | Create | Villager (Male) |
| 22:13 | Create | Villager (Male) |
| 22:16 | Build | Farm |
| 22:18 | Create | Villager (Male) |
| 22:18 | Create | Villager (Male) |
| 22:22 | Build | Farm |
| 22:47 | Build | Castle |
| 23:06 | Create | Villager (Male) |
| 23:06 | Create | Villager (Male) |
| 23:13 | Build | Farm |
| 23:16 | Build | Farm |
| 23:18 | Build | Farm |
| 23:21 | Create | Skirmisher |
| 23:21 | Create | Skirmisher |
| 23:21 | Create | Skirmisher |
| 23:44 | Create | Villager (Male) |
| 23:45 | Create | Villager (Male) |
| 23:45 | Create | Villager (Male) |
| 23:45 | Create | Villager (Male) |
| 24:08 | Create | Genoese Crossbowman |
| 24:09 | Create | Genoese Crossbowman |
| 24:15 | Create | Villager (Male) |
| 24:19 | Build | Farm |
| 24:26 | Build | Farm |
| 24:57 | Build | Monastery |
| 25:10 | Research | Forging |
| 25:11 | Research | Padded Archer Armor |
| 25:15 | Create | Villager (Male) |
| 25:20 | Build | Farm |
| 25:22 | Build | Farm |
| 25:25 | Build | Farm |
| 25:26 | Create | Villager (Male) |
| 25:27 | Create | Villager (Male) |
| 25:48 | Build | Farm |
| 25:51 | Build | Farm |
| 25:54 | Build | Farm |
| 25:56 | Create | Villager (Male) |
| 25:58 | Create | Villager (Male) |
| 26:01 | Create | Monk |
| 26:30 | Build | Siege Workshop |
| 26:36 | Create | Villager (Male) |
| 26:39 | Create | Villager (Male) |
Build order — andrealvt
First 150 of 267 actions detected
| 0:03 | Create | Villager (Male) |
| 0:03 | Create | Villager (Male) |
| 0:04 | Create | Villager (Male) |
| 0:04 | Create | Villager (Male) |
| 0:04 | Create | Villager (Male) |
| 0:20 | Build | House |
| 0:54 | Build | House |
| 1:29 | Build | House |
| 1:39 | Research | Loom |
| 2:13 | Create | Villager (Male) |
| 2:37 | Build | Lumber Camp |
| 2:54 | Create | Villager (Male) |
| 2:55 | Create | Villager (Male) |
| 3:25 | Create | Villager (Male) |
| 3:51 | Create | Villager (Male) |
| 4:17 | Create | Villager (Male) |
| 4:17 | Create | Villager (Male) |
| 4:54 | Create | Villager (Male) |
| 4:55 | Create | Villager (Male) |
| 5:46 | Create | Villager (Male) |
| 5:47 | Create | Villager (Male) |
| 6:19 | Create | Villager (Male) |
| 6:30 | Create | Villager (Male) |
| 6:30 | Create | Villager (Male) |
| 6:30 | Create | Villager (Male) |
| 6:31 | Create | Villager (Male) |
| 6:31 | Create | Villager (Male) |
| 6:35 | Build | House |
| 6:39 | Build | House |
| 7:15 | Create | Villager (Male) |
| 7:15 | Create | Villager (Male) |
| 7:15 | Create | Villager (Male) |
| 7:15 | Create | Villager (Male) |
| 7:39 | Build | Mill |
| 8:19 | Create | Villager (Male) |
| 8:55 | Build | House |
| 8:59 | Build | Outpost |
| 9:27 | Build | Mining Camp |
| 9:45 | Build | House |
| 9:50 | Research | Feudal Age |
| 10:00 | Build | Mining Camp |
| 11:17 | Build | Barracks |
| 11:27 | Build | Barracks |
| 11:44 | Create | Villager (Male) |
| 11:44 | Create | Villager (Male) |
| 11:44 | Create | Villager (Male) |
| 11:44 | Create | Villager (Male) |
| 12:14 | Age | Feudal Age |
| 12:20 | Build | Watch Tower |
| 12:32 | Research | Double-Bit Axe |
| 13:33 | Create | Villager (Male) |
| 13:38 | Build | Blacksmith |
| 13:51 | Create | Spearman |
| 13:51 | Create | Spearman |
| 14:04 | Research | Horse Collar |
| 14:17 | Create | Villager (Male) |
| 14:38 | Build | Archery Range |
| 14:51 | Create | Villager (Male) |
| 15:29 | Build | Farm |
| 15:31 | Research | Castle Age |
| 15:38 | Build | Farm |
| 15:54 | Create | Archer |
| 15:55 | Create | Archer |
| 16:10 | Build | Stable |
| 17:38 | Build | House |
| 17:39 | Build | House |
| 17:40 | Build | House |
| 17:47 | Create | Scout Cavalry |
| 17:53 | Create | Archer |
| 17:53 | Create | Archer |
| 17:58 | Research | Fletching |
| 18:06 | Research | Gold Mining |
| 18:07 | Research | Stone Mining |
| 18:11 | Age | Castle Age |
| 18:21 | Build | Town Center |
| 18:29 | Research | Bow Saw |
| 18:34 | Create | Villager (Male) |
| 18:35 | Create | Villager (Male) |
| 18:35 | Create | Villager (Male) |
| 18:35 | Create | Villager (Male) |
| 18:42 | Build | Farm |
| 18:43 | Build | Farm |
| 18:43 | Build | Farm |
| 18:43 | Build | Farm |
| 18:43 | Build | Farm |
| 18:44 | Build | Farm |
| 19:19 | Build | Farm |
| 19:20 | Build | Farm |
| 19:20 | Build | Farm |
| 19:20 | Build | Farm |
| 19:21 | Build | Farm |
| 19:21 | Build | Farm |
| 19:21 | Build | Farm |
| 19:21 | Build | Farm |
| 19:22 | Build | Farm |
| 19:43 | Create | Spearman |
| 19:44 | Create | Spearman |
| 19:57 | Create | Villager (Male) |
| 19:57 | Create | Villager (Male) |
| 19:57 | Create | Villager (Male) |
| 20:15 | Build | Farm |
| 20:21 | Build | Farm |
| 20:27 | Create | Villager (Male) |
| 20:28 | Create | Villager (Male) |
| 20:49 | Create | Villager (Male) |
| 21:13 | Create | Villager (Male) |
| 21:50 | Research | Squires |
| 22:02 | Build | Town Center |
| 22:10 | Research | Wheelbarrow |
| 22:26 | Build | Farm |
| 22:27 | Build | Farm |
| 22:27 | Build | Farm |
| 22:27 | Build | Farm |
| 22:28 | Build | Farm |
| 22:28 | Build | Farm |
| 22:31 | Create | Villager (Male) |
| 22:43 | Build | House |
| 22:48 | Build | House |
| 22:50 | Build | House |
| 22:51 | Build | House |
| 22:59 | Build | Monastery |
| 23:14 | Build | University |
| 23:24 | Build | Archery Range |
| 23:38 | Build | Archery Range |
| 23:52 | Create | Villager (Male) |
| 23:52 | Create | Villager (Male) |
| 23:53 | Create | Villager (Male) |
| 23:53 | Create | Villager (Male) |
| 23:53 | Create | Villager (Male) |
| 23:53 | Create | Villager (Male) |
| 24:10 | Build | Market |
| 24:17 | Create | Villager (Male) |
| 24:17 | Create | Villager (Male) |
| 24:18 | Create | Villager (Male) |
| 24:18 | Create | Villager (Male) |
| 24:37 | Research | Heavy Plow |
| 24:49 | Build | Archery Range |
| 25:05 | Research | Town Watch |
| 25:10 | Create | Villager (Male) |
| 25:10 | Create | Villager (Male) |
| 25:11 | Create | Villager (Male) |
| 25:18 | Create | Monk |
| 25:45 | Build | Barracks |
| 25:49 | Build | Barracks |
| 26:01 | Build | Lumber Camp |
| 26:05 | Create | Villager (Male) |
| 26:06 | Create | Villager (Male) |
| 26:06 | Create | Villager (Male) |
| 26:06 | Create | Villager (Male) |
| 26:17 | Build | Farm |
Build order — Hamza Khan
First 150 of 211 actions detected
| 0:05 | Create | Villager (Male) |
| 0:05 | Research | Loom |
| 0:06 | Create | Villager (Male) ×3 |
| 0:34 | Build | House |
| 0:36 | Build | House |
| 1:39 | Build | House |
| 1:40 | Build | House |
| 1:47 | Create | Villager (Male) |
| 2:23 | Create | Villager (Male) |
| 2:31 | Build | House |
| 2:47 | Create | Villager (Male) |
| 3:14 | Create | Villager (Male) |
| 3:29 | Create | Villager (Male) |
| 3:49 | Create | Villager (Male) |
| 3:51 | Create | Villager (Male) |
| 4:21 | Create | Villager (Male) |
| 4:35 | Create | Villager (Male) |
| 5:00 | Create | Villager (Male) |
| 5:00 | Create | Villager (Male) |
| 5:18 | Create | Villager (Male) |
| 5:52 | Create | Villager (Male) |
| 5:52 | Create | Villager (Male) |
| 5:52 | Create | Villager (Male) |
| 6:36 | Create | Villager (Male) |
| 6:37 | Create | Villager (Male) |
| 6:37 | Create | Villager (Male) |
| 7:19 | Create | Villager (Male) |
| 7:19 | Create | Villager (Male) |
| 7:33 | Build | Lumber Camp |
| 8:07 | Build | Mill |
| 8:59 | Research | Feudal Age |
| 9:35 | Create | Villager (Male) |
| 9:35 | Create | Villager (Male) |
| 10:23 | Build | Mining Camp |
| 10:34 | Build | Barracks |
| 11:20 | Age | Feudal Age |
| 11:23 | Research | Wheelbarrow |
| 11:37 | Research | Horse Collar |
| 11:41 | Research | Double-Bit Axe |
| 11:53 | Build | House |
| 11:53 | Build | House |
| 11:54 | Build | House |
| 11:57 | Build | House |
| 11:58 | Build | House |
| 12:04 | Create | Villager (Male) ×5 |
| 12:21 | Research | Town Watch |
| 13:15 | Build | Market |
| 13:39 | Build | Blacksmith |
| 13:46 | Create | Villager (Male) |
| 14:09 | Create | Villager (Male) |
| 14:17 | Build | Palisade Wall |
| 14:25 | Build | House |
| 14:26 | Build | House |
| 14:27 | Build | House |
| 15:01 | Build | Farm |
| 15:03 | Build | Farm |
| 15:05 | Build | Farm |
| 15:07 | Build | Farm |
| 15:09 | Build | Farm |
| 15:13 | Build | Farm |
| 15:14 | Build | Farm |
| 15:15 | Build | Farm |
| 15:17 | Build | Farm |
| 15:34 | Build | Farm |
| 16:02 | Build | Mining Camp |
| 16:08 | Create | Villager (Male) |
| 16:08 | Create | Villager (Male) |
| 16:13 | Build | Farm |
| 16:20 | Build | Farm |
| 16:24 | Build | Farm |
| 16:28 | Build | Farm |
| 16:29 | Build | Farm |
| 16:35 | Build | Farm |
| 16:53 | Create | Villager (Male) |
| 16:53 | Create | Villager (Male) |
| 18:00 | Create | Villager (Male) |
| 18:10 | Research | Castle Age |
| 18:39 | Create | Villager (Male) |
| 18:40 | Create | Villager (Male) |
| 19:02 | Research | Stone Mining |
| 19:05 | Research | Gold Mining |
| 19:16 | Build | House |
| 19:17 | Build | House |
| 19:19 | Build | House |
| 19:24 | Build | Palisade Wall |
| 19:28 | Build | Palisade Gate |
| 20:04 | Create | Villager (Male) |
| 20:05 | Create | Villager (Male) |
| 20:14 | Create | Trade Cart ×5 |
| 20:15 | Create | Trade Cart ×5 |
| 20:50 | Age | Castle Age |
| 21:02 | Build | Town Center |
| 21:09 | Research | Hand Cart |
| 21:11 | Create | Villager (Male) |
| 21:12 | Create | Villager (Male) |
| 21:16 | Research | Gold Shaft Mining |
| 21:55 | Create | Villager (Male) ×5 |
| 21:55 | Create | Villager (Male) ×5 |
| 22:04 | Build | Mining Camp |
| 22:25 | Research | Bow Saw |
| 22:44 | Create | Villager (Male) ×3 |
| 22:51 | Create | Villager (Male) |
| 22:51 | Create | Villager (Male) |
| 23:12 | Research | Heavy Plow |
| 23:49 | Build | Castle |
| 24:03 | Create | Villager (Male) |
| 24:03 | Create | Villager (Male) |
| 24:19 | Build | Farm |
| 24:20 | Build | Farm |
| 24:22 | Build | Farm |
| 24:25 | Build | Mill |
| 24:26 | Build | Farm |
| 24:27 | Build | Farm |
| 24:28 | Build | Farm |
| 24:29 | Build | Farm |
| 24:45 | Build | Stone Wall |
| 24:59 | Build | Stone Wall |
| 25:02 | Build | Stone Wall |
| 25:13 | Build | Lumber Camp |
| 25:47 | Build | Gate |
| 25:52 | Build | Gate |
| 26:03 | Create | Villager (Male) ×5 |
| 26:19 | Create | Villager (Male) ×5 |
| 26:44 | Build | Siege Workshop |
| 26:46 | Build | Siege Workshop |
| 26:55 | Research | Stone Shaft Mining |
| 27:22 | Research | Imperial Age |
| 27:39 | Build | Mining Camp |
| 28:01 | Build | University |
| 28:04 | Build | Monastery |
| 28:35 | Create | Villager (Male) ×5 |
| 28:49 | Build | Outpost |
| 28:52 | Build | Outpost |
| 28:55 | Build | Outpost |
| 29:14 | Build | House |
| 29:14 | Build | House |
| 29:15 | Build | House |
| 29:15 | Build | House |
| 29:15 | Build | House |
| 29:17 | Build | House |
| 29:17 | Build | House |
| 29:17 | Build | House |
| 29:17 | Build | House |
| 29:18 | Build | House |
| 29:19 | Build | House |
| 29:19 | Build | House |
| 29:19 | Build | House |
| 29:20 | Build | House |
| 29:20 | Build | House |
| 29:20 | Build | House |
Build order — stefano.franchin12
First 150 of 221 actions detected
| 0:03 | Create | Villager (Male) |
| 0:04 | Create | Villager (Male) |
| 0:04 | Create | Villager (Male) |
| 0:04 | Create | Villager (Male) |
| 0:04 | Create | Villager (Male) |
| 0:05 | Create | Villager (Male) |
| 0:09 | Build | House |
| 0:37 | Build | Mill |
| 1:13 | Build | House |
| 2:00 | Create | Villager (Male) |
| 2:00 | Create | Villager (Male) |
| 2:34 | Create | Villager (Male) |
| 2:34 | Create | Villager (Male) |
| 2:34 | Create | Villager (Male) |
| 3:00 | Create | Villager (Male) |
| 3:51 | Create | Villager (Male) |
| 3:51 | Create | Villager (Male) |
| 3:51 | Create | Villager (Male) |
| 4:32 | Build | Lumber Camp |
| 4:36 | Create | Villager (Male) |
| 4:36 | Create | Villager (Male) |
| 4:55 | Build | Lumber Camp |
| 5:02 | Create | Villager (Male) |
| 5:02 | Create | Villager (Male) |
| 5:38 | Build | House |
| 5:52 | Create | Villager (Male) |
| 5:52 | Create | Villager (Male) |
| 6:26 | Build | Mill |
| 6:38 | Create | Villager (Male) |
| 6:38 | Create | Villager (Male) |
| 7:06 | Create | Villager (Male) |
| 7:25 | Build | House |
| 7:29 | Build | House |
| 7:34 | Build | House |
| 7:40 | Create | Villager (Male) |
| 7:40 | Create | Villager (Male) |
| 8:25 | Build | House |
| 8:41 | Create | Villager (Male) |
| 8:41 | Create | Villager (Male) |
| 9:30 | Build | House |
| 9:42 | Create | Villager (Male) |
| 10:19 | Build | Mining Camp |
| 10:37 | Research | Feudal Age |
| 10:47 | Build | Barracks |
| 12:24 | Build | House |
| 12:28 | Build | House |
| 12:47 | Age | Feudal Age |
| 12:56 | Research | Double-Bit Axe |
| 13:02 | Create | Villager (Male) |
| 13:02 | Create | Villager (Male) |
| 13:03 | Create | Villager (Male) |
| 13:03 | Create | Villager (Male) |
| 13:09 | Research | Gold Mining |
| 13:22 | Build | Stable |
| 13:30 | Create | Villager (Male) |
| 14:29 | Build | Market |
| 14:41 | Build | Stone Wall |
| 14:46 | Build | Gate |
| 15:54 | Research | Castle Age |
| 16:00 | Build | Mining Camp |
| 16:15 | Research | Stone Mining |
| 18:33 | Age | Castle Age |
| 18:36 | Build | Town Center |
| 18:43 | Create | Villager (Male) |
| 18:43 | Create | Villager (Male) |
| 18:43 | Create | Villager (Male) |
| 18:47 | Research | Bow Saw |
| 18:58 | Build | Town Center |
| 19:05 | Build | Lumber Camp |
| 19:30 | Build | Town Center |
| 19:43 | Create | Villager (Male) |
| 20:07 | Build | Farm |
| 20:07 | Build | Farm |
| 20:08 | Build | Farm |
| 20:09 | Build | Farm |
| 20:09 | Build | Farm |
| 20:10 | Build | Farm |
| 20:10 | Build | Farm |
| 20:11 | Build | Farm |
| 20:11 | Build | Farm |
| 20:12 | Build | Farm |
| 20:12 | Build | Farm |
| 20:13 | Build | Farm |
| 20:27 | Create | Villager (Male) |
| 20:27 | Create | Villager (Male) |
| 20:27 | Create | Villager (Male) |
| 20:32 | Create | Villager (Male) |
| 20:33 | Create | Villager (Male) |
| 20:56 | Build | Farm |
| 20:57 | Build | Farm |
| 20:59 | Build | Farm |
| 21:05 | Create | Villager (Male) |
| 21:20 | Create | Villager (Male) |
| 21:20 | Create | Villager (Male) |
| 21:54 | Create | Villager (Male) |
| 21:54 | Create | Villager (Male) |
| 22:08 | Create | Villager (Male) |
| 22:21 | Build | Farm |
| 22:21 | Build | Farm |
| 22:22 | Build | Farm |
| 22:22 | Build | Farm |
| 22:23 | Build | Farm |
| 22:23 | Build | Farm |
| 22:23 | Build | Farm |
| 22:26 | Create | Villager (Male) |
| 22:26 | Create | Villager (Male) |
| 22:37 | Create | Villager (Male) |
| 22:44 | Build | Farm |
| 22:46 | Build | Farm |
| 22:47 | Build | Farm |
| 22:51 | Create | Villager (Male) |
| 22:56 | Create | Villager (Male) |
| 22:57 | Create | Villager (Male) |
| 23:20 | Build | Castle |
| 23:30 | Create | Villager (Male) |
| 23:32 | Create | Villager (Male) |
| 23:32 | Create | Villager (Male) |
| 23:48 | Create | Villager (Male) |
| 23:49 | Create | Villager (Male) |
| 23:53 | Create | Villager (Male) |
| 23:53 | Create | Villager (Male) |
| 23:53 | Create | Villager (Male) |
| 23:59 | Build | Stable |
| 24:21 | Build | Mill |
| 24:25 | Build | Farm |
| 24:28 | Build | Farm |
| 24:30 | Build | Farm |
| 24:31 | Build | Farm |
| 24:34 | Build | Farm |
| 24:37 | Create | Villager (Male) |
| 24:38 | Create | Villager (Male) |
| 24:44 | Create | Villager (Male) |
| 24:45 | Create | Villager (Male) |
| 24:56 | Research | Wheelbarrow |
| 25:03 | Create | Villager (Male) |
| 25:03 | Create | Villager (Male) |
| 25:03 | Create | Villager (Male) |
| 25:33 | Build | Mining Camp |
| 25:49 | Build | Farm |
| 25:55 | Build | Farm |
| 25:59 | Build | Farm |
| 26:06 | Create | Villager (Male) |
| 26:06 | Create | Villager (Male) |
| 26:26 | Build | Town Center |
| 26:39 | Research | Hand Cart |
| 26:41 | Create | Villager (Male) |
| 26:41 | Create | Villager (Male) |
| 27:01 | Build | Mill |
| 27:06 | Build | Farm |
| 27:07 | Build | Farm |
Build order — Underdawg
13 actions detected in the replay
| 0:07 | Build | Mill |
| 0:09 | Research | Loom |
| 0:10 | Create | Villager (Male) ×4 |
| 0:14 | Build | House |
| 0:18 | Build | House |
| 2:24 | Create | Villager (Male) |
| 2:24 | Create | Villager (Male) |
| 2:25 | Create | Villager (Male) |
| 2:48 | Create | Villager (Male) |
| 2:49 | Create | Villager (Male) |
| 3:28 | Create | Villager (Male) |
| 3:53 | Create | Villager (Male) |
| 3:53 | Create | Villager (Male) |
Build order — Skywalker
First 150 of 190 actions detected
| 0:07 | Create | Villager (Male) |
| 0:07 | Research | Loom |
| 0:08 | Create | Villager (Male) |
| 0:08 | Create | Villager (Male) |
| 0:08 | Create | Villager (Male) |
| 0:20 | Build | House |
| 0:24 | Build | House |
| 0:30 | Build | House |
| 0:33 | Build | House |
| 0:47 | Create | Villager (Male) |
| 1:29 | Build | Mill |
| 1:38 | Create | Villager (Male) |
| 2:21 | Create | Villager (Male) |
| 2:55 | Create | Villager (Male) |
| 3:21 | Create | Villager (Male) |
| 3:47 | Create | Villager (Male) |
| 4:10 | Create | Villager (Male) |
| 4:24 | Build | Lumber Camp |
| 4:33 | Create | Villager (Male) |
| 4:39 | Create | Villager (Male) |
| 5:03 | Create | Villager (Male) |
| 5:27 | Create | Villager (Male) |
| 5:27 | Create | Villager (Male) |
| 6:08 | Create | Villager (Male) |
| 6:09 | Create | Villager (Male) |
| 6:55 | Build | Mill |
| 7:20 | Create | Villager (Male) |
| 7:42 | Create | Villager (Male) |
| 8:31 | Build | House |
| 8:34 | Build | House |
| 8:37 | Build | House |
| 8:41 | Build | House |
| 8:52 | Research | Feudal Age |
| 9:12 | Build | Mining Camp |
| 9:16 | Create | Villager (Male) |
| 9:17 | Create | Villager (Male) |
| 10:31 | Create | Villager (Male) |
| 10:31 | Create | Villager (Male) |
| 10:31 | Create | Villager (Male) |
| 10:55 | Build | House |
| 10:56 | Age | Feudal Age |
| 11:13 | Build | Market |
| 11:35 | Build | Farm |
| 11:53 | Research | Double-Bit Axe |
| 13:04 | Build | Blacksmith |
| 13:12 | Create | Villager (Male) |
| 13:13 | Create | Villager (Male) |
| 13:42 | Build | Farm |
| 14:00 | Research | Castle Age |
| 14:09 | Build | Farm |
| 14:27 | Build | Mining Camp |
| 14:41 | Create | Villager (Male) |
| 14:42 | Create | Villager (Male) |
| 15:16 | Build | Barracks |
| 15:34 | Research | Gold Mining |
| 15:50 | Build | Farm |
| 16:26 | Age | Castle Age |
| 16:31 | Create | Villager (Male) |
| 16:32 | Create | Villager (Male) |
| 16:32 | Create | Villager (Male) |
| 16:56 | Build | Town Center |
| 17:02 | Create | Villager (Male) |
| 17:07 | Build | Stable |
| 17:37 | Build | Farm |
| 17:42 | Create | Villager (Male) |
| 18:27 | Build | Town Center |
| 18:31 | Create | Villager (Male) |
| 18:31 | Create | Villager (Male) |
| 18:37 | Build | Stable |
| 18:49 | Create | Villager (Male) |
| 19:16 | Create | Villager (Male) |
| 19:22 | Build | Farm |
| 19:46 | Build | Siege Workshop |
| 19:53 | Create | Villager (Male) |
| 20:03 | Build | Farm |
| 20:20 | Create | Villager (Male) |
| 20:21 | Create | Villager (Male) |
| 20:24 | Create | Villager (Male) |
| 20:31 | Build | Farm |
| 20:38 | Create | Villager (Male) |
| 20:49 | Build | Castle |
| 20:57 | Build | Farm |
| 21:36 | Build | Farm |
| 21:41 | Research | Horse Collar |
| 21:58 | Create | Villager (Male) |
| 22:11 | Create | Villager (Male) |
| 22:26 | Build | Farm |
| 22:37 | Create | Villager (Male) |
| 22:38 | Create | Villager (Male) |
| 22:57 | Create | Scorpion |
| 22:59 | Create | Scorpion |
| 23:12 | Build | Farm |
| 23:33 | Create | Knight |
| 23:44 | Build | Farm |
| 23:54 | Research | Bloodlines |
| 23:59 | Create | Villager (Male) |
| 24:15 | Create | Knight |
| 24:27 | Create | Villager (Male) |
| 24:45 | Build | Castle |
| 24:49 | Create | Villager (Male) |
| 24:59 | Build | Farm |
| 25:03 | Research | Heavy Plow |
| 25:18 | Build | Watch Tower |
| 25:34 | Build | Farm |
| 25:37 | Create | Villager (Male) |
| 25:38 | Create | Villager (Male) |
| 25:42 | Create | Villager (Male) |
| 25:59 | Create | Villager (Male) |
| 26:00 | Create | Villager (Male) |
| 26:15 | Build | Farm |
| 26:25 | Create | Knight |
| 26:28 | Create | Knight |
| 26:45 | Build | Farm |
| 26:49 | Create | Villager (Male) |
| 26:50 | Create | Villager (Male) |
| 27:03 | Build | Stable |
| 27:06 | Build | Stable |
| 27:08 | Build | Stable |
| 27:24 | Create | War Elephant |
| 27:40 | Build | Farm |
| 27:45 | Create | Villager (Male) |
| 27:45 | Create | Villager (Male) |
| 27:49 | Research | Town Watch |
| 28:01 | Build | Farm |
| 28:06 | Create | Knight |
| 28:30 | Build | Mining Camp |
| 28:37 | Build | Farm |
| 28:46 | Build | Farm |
| 28:51 | Build | Mining Camp |
| 28:55 | Research | Wheelbarrow |
| 29:01 | Research | Husbandry |
| 29:12 | Create | Villager (Male) |
| 29:12 | Create | Villager (Male) |
| 29:18 | Create | Villager (Male) |
| 29:21 | Create | Villager (Male) |
| 29:47 | Build | Farm |
| 29:56 | Build | Farm |
| 29:58 | Create | Villager (Male) |
| 29:59 | Create | Villager (Male) |
| 30:10 | Build | Farm |
| 30:26 | Create | Knight |
| 30:34 | Build | Siege Workshop |
| 30:36 | Create | War Elephant |
| 30:37 | Create | War Elephant |
| 30:43 | Build | Farm |
| 30:49 | Build | Farm |
| 31:25 | Build | Farm |
| 31:34 | Build | Town Center |
| 31:38 | Create | Knight |
| 31:38 | Create | Knight |
Build order — Javi Radical692
117 actions detected in the replay
| 0:11 | Build | House |
| 0:13 | Create | Villager (Male) |
| 0:13 | Create | Villager (Male) |
| 0:13 | Create | Villager (Male) |
| 0:14 | Create | Villager (Male) |
| 0:54 | Build | House |
| 1:47 | Create | Villager (Male) |
| 2:11 | Create | Villager (Male) |
| 2:53 | Create | Villager (Male) |
| 3:25 | Create | Villager (Male) |
| 3:25 | Create | Villager (Male) |
| 3:42 | Create | Villager (Male) |
| 3:43 | Create | Villager (Male) |
| 4:21 | Build | House |
| 4:28 | Build | House |
| 4:56 | Create | Villager (Male) |
| 5:39 | Build | Lumber Camp |
| 5:55 | Build | House |
| 6:11 | Create | Villager (Male) |
| 6:12 | Create | Villager (Male) |
| 6:58 | Create | Villager (Male) |
| 8:01 | Create | Villager (Male) |
| 8:09 | Build | Mill |
| 8:12 | Create | Villager (Male) |
| 8:23 | Build | Mill |
| 8:51 | Create | Villager (Male) |
| 8:59 | Build | Mining Camp |
| 9:30 | Research | Feudal Age |
| 9:40 | Build | Mining Camp |
| 9:45 | Create | Villager (Male) |
| 10:54 | Create | Villager (Male) |
| 11:44 | Create | Villager (Male) |
| 12:21 | Create | Villager (Male) |
| 12:30 | Create | Villager (Male) |
| 12:37 | Build | Farm |
| 12:44 | Research | Double-Bit Axe |
| 12:50 | Build | Barracks |
| 13:09 | Create | Villager (Male) |
| 13:36 | Create | Villager (Male) |
| 13:42 | Build | Farm |
| 14:02 | Build | Stone Wall |
| 14:30 | Build | House |
| 14:45 | Research | Wheelbarrow |
| 14:47 | Create | Villager (Male) |
| 15:14 | Build | Stone Wall |
| 15:28 | Build | Gate |
| 15:44 | Research | Horse Collar |
| 16:11 | Create | Spearman |
| 16:11 | Create | Spearman |
| 16:30 | Build | Stone Wall |
| 16:44 | Research | Town Watch |
| 17:48 | Research | Stone Mining |
| 18:06 | Create | Villager (Male) |
| 18:07 | Create | Villager (Male) |
| 19:08 | Build | Farm |
| 19:14 | Build | House |
| 19:24 | Build | Farm |
| 19:30 | Build | Farm |
| 19:41 | Create | Villager (Male) |
| 19:51 | Build | Farm |
| 20:10 | Build | House |
| 20:16 | Build | Farm |
| 20:39 | Build | Market |
| 20:47 | Build | House |
| 20:48 | Build | House |
| 20:56 | Research | Gold Mining |
| 21:45 | Build | Blacksmith |
| 21:50 | Build | House |
| 22:18 | Research | Castle Age |
| 22:33 | Create | Spearman |
| 22:33 | Create | Spearman |
| 22:33 | Create | Spearman |
| 22:40 | Build | House |
| 22:42 | Build | House |
| 23:19 | Build | Mining Camp |
| 23:49 | Build | House |
| 23:51 | Build | House |
| 24:31 | Create | Villager (Male) |
| 25:09 | Build | House |
| 25:19 | Build | University |
| 25:28 | Build | Farm |
| 25:42 | Build | Mill |
| 25:51 | Build | House |
| 26:07 | Build | Town Center |
| 26:18 | Build | Monastery |
| 26:56 | Research | Imperial Age |
| 27:02 | Research | Bow Saw |
| 27:06 | Research | Pikeman (upgrade) |
| 27:23 | Build | Castle |
| 27:36 | Research | Squires |
| 27:53 | Research | Treadmill Crane |
| 28:00 | Create | Villager (Male) |
| 28:00 | Create | Villager (Male) |
| 28:01 | Create | Villager (Male) |
| 28:34 | Research | Arson |
| 28:41 | Research | Heavy Plow |
| 28:49 | Create | Villager (Male) |
| 29:07 | Build | Farm |
| 29:13 | Build | Farm |
| 29:29 | Build | Barracks |
| 29:30 | Build | Barracks |
| 29:32 | Build | Barracks |
| 29:34 | Build | Barracks |
| 29:50 | Research | Murder Holes |
| 29:52 | Create | Villager (Male) |
| 30:01 | Create | Villager (Male) |
| 30:43 | Create | Longbowman |
| 30:43 | Create | Longbowman |
| 30:44 | Create | Longbowman |
| 30:44 | Create | Longbowman |
| 30:45 | Create | Longbowman |
| 30:51 | Build | Farm |
| 31:16 | Build | Stable |
| 31:18 | Build | Stable |
| 31:25 | Build | Farm |
| 31:54 | Build | Farm |
| 31:58 | Build | Farm |
Match timeline
| 3:45 | truffle shuffle · wall_segment Palisade Wall x8 |
| 5:39 | Underdawg · resign |
| 9:51 | truffle shuffle · first_building Barracks |
| 10:34 | Hamza Khan · first_building Barracks |
| 10:47 | stefano.franchin12 · first_building Barracks |
| 10:52 | truffle shuffle · age_up feudal |
| 10:56 | Skywalker · age_up feudal |
| 11:17 | andrealvt · first_building Barracks |
| 11:20 | Hamza Khan · age_up feudal |
| 12:14 | andrealvt · age_up feudal |
| 12:19 | truffle shuffle · first_building Archery Range |
| 12:47 | stefano.franchin12 · age_up feudal |
| 12:50 | Javi Radical692 · first_building Barracks |
| 13:17 | Skywalker · first_market_sell 100 stone |
| 13:19 | Boyka · age_up feudal |
| 13:22 | stefano.franchin12 · first_building Stable |
| 13:53 | Skywalker · first_market_buy 100 food |
| 14:02 | Javi Radical692 · wall_segment Stone Wall x6 |
| 14:17 | Hamza Khan · wall_segment Palisade Wall x3 |
| 14:38 | andrealvt · first_building Archery Range |
| 14:41 | stefano.franchin12 · wall_segment Stone Wall x7 |
| 15:14 | Javi Radical692 · wall_segment Stone Wall x5 |
| 15:16 | Skywalker · first_building Barracks |
| 15:49 | stefano.franchin12 · first_market_buy 100 food |
| 15:51 | stefano.franchin12 · first_market_sell 100 wood |
| 16:10 | andrealvt · first_building Stable |
| 16:26 | Skywalker · age_up castle |
| 16:30 | Javi Radical692 · wall_segment Stone Wall x15 |
| 17:07 | Skywalker · first_building Stable |
| 17:33 | Boyka · age_up castle |
| 17:37 | Boyka · first_building Monastery |
| 17:41 | truffle shuffle · first_market_sell 100 stone |
| 18:11 | andrealvt · age_up castle |
| 18:33 | stefano.franchin12 · age_up castle |
| 19:24 | Hamza Khan · wall_segment Palisade Wall x7 |
| 19:46 | Skywalker · first_building Siege Workshop |
| 20:23 | truffle shuffle · age_up castle |
| 20:49 | Skywalker · first_building Castle |
| 20:50 | Hamza Khan · age_up castle |
| 20:55 | Boyka · first_building Barracks |
| 21:59 | Boyka · first_building Stable |
| 22:47 | truffle shuffle · first_building Castle |
| 22:59 | andrealvt · first_building Monastery |
| 23:20 | stefano.franchin12 · first_building Castle |
| 23:21 | Boyka · age_up imperial |
| 23:49 | Hamza Khan · first_building Castle |
| 24:03 | Boyka · first_building Siege Workshop |
| 24:45 | Hamza Khan · wall_segment Stone Wall x14 |
| 24:54 | Boyka · first_market_sell 100 wood |
| 24:57 | truffle shuffle · first_building Monastery |
| 24:59 | Hamza Khan · wall_segment Stone Wall x21 |
| 25:02 | Hamza Khan · wall_segment Stone Wall x7 |
| 25:39 | Boyka · first_building Archery Range |
| 26:18 | Javi Radical692 · first_building Monastery |
| 26:30 | truffle shuffle · first_building Siege Workshop |
| 26:44 | Hamza Khan · first_building Siege Workshop |
| 27:23 | Javi Radical692 · first_building Castle |
| 28:04 | Hamza Khan · first_building Monastery |
| 28:17 | andrealvt · first_market_buy 100 food |
| 28:38 | andrealvt · first_building Castle |
| 30:53 | Hamza Khan · age_up imperial |
| 31:06 | stefano.franchin12 · age_up imperial |
| 31:16 | Javi Radical692 · first_building Stable |
| 31:35 | andrealvt · age_up imperial |
| 31:43 | truffle shuffle · first_building Stable |
| 33:44 | truffle shuffle · age_up imperial |
| 33:46 | Boyka · first_market_buy 100 stone |
| 33:54 | Boyka · first_building Castle |
[ AI ANALYSIS · 1 CREDIT ]
What really happened in this match?
Wolo.gg analyzes every decision: build order, eco, micro, common mistakes by bracket. Personalized analysis on WhatsApp or Discord in 30 seconds.
Civ guide
Portuguese
Perfil
Jugador #4875443